 Dungeon Crawl Stone Soup version 0.24-a0-475-g5b41c6f (webtiles) character file.

Game seed: 4766323257040345380

52908 Espgualade the Nimble (level 14, -15/68 HPs)
             Began as a Tengu Ice Elementalist on May 15, 2019.
             Was a High Priest of Vehumet.
             Killed from afar by an ogre mage (29 damage)
             ... with a crystal spear
             ... on level 2 of the Orcish Mines on July 5, 2019.
             The game lasted 02:13:49 (36999 turns).

Espgualade the Nimble (Tengu Ice Elementalist)     Turns: 36999, Time: 02:13:50

Health: -15/68     AC:  4    Str:  9    XL:     14   Next: 66%
Magic:  0/30       EV: 25    Int: 20    God:    Vehumet [*****.]
Gold:   2621       SH:  5    Dex: 15    Spells: 0/35 levels left

rFire    + . .     SeeInvis +   C - +0 mace (holy)
rCold    + . .     Gourm    .   q - +0 buckler
rNeg     . . .     Faith    .   g - +1 robe {MR+}
rPois    .         Spirit   .   W - +0 hat {SInv}
rElec    .         Reflect  .   j - scarf {rC+ rF+}
rCorr    .         Harm     .   D - +0 pair of gloves
MR       ++++.                  (boots unavailable)
Stlth    ++++......             r - amulet of the acrobat
HPRegen  1.01/turn              Y - ring of protection from magic
MPRegen  0.22/turn              H - ring of protection from magic

@: flying quickly and evasively, studying 2 skills, quick
A: beak, talons 3, regeneration 2, able to fly
a: Stop Flying, Renounce Religion


You were on level 2 of the Orcish Mines.
You worshipped Vehumet.
Vehumet was extremely pleased with you.
You were very hungry.

You visited 4 branches of the dungeon, and saw 20 of its levels.
You also visited: Sewer.

You collected 2621 gold pieces.

Inventory:

Hand Weapons
 b - a +3 quarterstaff of chaos
 p - the +11 hand axe of Fungal {drain, rElec rC+ MR-}
   (You found it on level 1 of the Lair of Beasts)

   A truly terrible weapon, it drains the life of those it strikes.
   It protects you from cold.
   It insulates you from electricity.
   It affects your resistance to hostile enchantments.
 w - a +1 scythe of venom
 C - a +0 mace of holy wrath (weapon)
 T - the +3 quarterstaff of Outrage {crush, +Inv rElec rN+ Str-4}
   (You found it on level 6 of the Lair of Beasts)

   It inflicts extra damage upon your enemies.
   It affects your strength (-4).
   It insulates you from electricity.
   It protects you from negative energy.
   It lets you turn invisible.
Armour
 e - a +0 crystal plate armour
 g - a +1 robe of magic resistance (worn)
 i - a +0 hat
 j - a scarf of resistance (worn)
 n - a +2 pair of gloves
 q - a +0 buckler (worn)
 v - a +0 cloak
 D - a +0 pair of gloves (worn)
 W - a +0 hat of see invisible (worn)
Magical Staves
 z - an uncursed staff of death
Jewellery
 r - an amulet of the acrobat (around neck)
 x - an uncursed ring of positive energy
 B - an uncursed ring of see invisible
 H - a ring of protection from magic (right hand)
 S - an uncursed amulet of faith
 V - an uncursed ring of wizardry
 Y - a ring of protection from magic (left hand)
Wands
 h - a wand of enslavement (14)
 y - a wand of acid (24)
 A - a wand of polymorph (17)
 E - a wand of scattershot (9)
 I - a wand of flame (19)
 K - a wand of disintegration (13)
 M - a wand of iceblast (25)
Scrolls
 a - 4 scrolls of amnesia
 d - 8 scrolls of enchant weapon
 k - 7 scrolls of remove curse
 m - 13 scrolls of teleportation
 u - a scroll of magic mapping
 F - a scroll of identify
 G - a scroll of immolation
 O - 2 scrolls of enchant armour
Potions
 f - a potion of mutation
 l - a potion of might
 o - 4 potions of haste
 s - 2 potions of brilliance
 t - 4 potions of curing
 J - 2 potions of flight
 N - a potion of magic
Books
 U - a manual of Dodging
 X - a manual of Slings
Miscellaneous
 P - a phial of floods
 Q - a phial of floods
 R - a lightning rod (4/4)
 Z - a sack of spiders
Comestibles
 c - 22 rations


   Skills:
 - Level 12.1 Dodging
 - Level 7.0 Stealth
 - Level 4.5 Shields
 - Level 11.0 Spellcasting
 - Level 12.0 Conjurations
 - Level 10.1 Summonings
 + Level 6.8 Fire Magic
 - Level 9.3 Ice Magic
 - Level 11.6 Air Magic


You couldn't memorise any spells.
You knew the following spells:

 Your Spells              Type           Power        Failure   Level  Hunger
a - Freeze                Ice            ####         1%          1    None
b - Throw Frost           Conj/Ice       ######       1%          2    None
c - Ozocubu's Armour      Chrm/Ice       ####....     2%          3    None
d - Throw Icicle          Conj/Ice       ######..     1%          4    ##.....
e - Summon Ice Beast      Ice/Summ       #####...     1%          4    ##.....
f - Mephitic Cloud        Conj/Pois/Air  #####...     1%          3    None
g - Freezing Cloud        Conj/Ice/Air   ######....   3%          6    ######.
h - Conjure Ball Lightni  Conj/Air       ######....   2%          6    ######.
i - Bolt of Fire          Conj/Fire      #####.....   5%          6    ######.

Your spell library contained the following spells:

 Spells                   Type           Power        Failure   Level  Hunger
 Summon Small Mammal      Summ           ####         1%          1    None
 Call Imp                 Summ           ######..     1%          2    None
 Poisonous Vapours        Pois/Air       ####..       1%          2    None
 Call Canine Familiar     Summ           ######..     1%          3    None
 Conjure Flame            Conj/Fire      #####...     1%          3    None
 Force Lance              Conj/Tloc      #####...     1%          4    ##.....
 Summon Lightning Spire   Summ/Air       ######..     1%          4    ##.....
 Summon Guardian Golem    Hex/Summ       ####....     2%          3    None
 Animate Skeleton         Necr           N/A          6%          1    None
 Apportation              Tloc           ##....       6%          1    None
 Confusing Touch          Hex            ##....       6%          1    None
 Gell's Gravitas          Tloc           ##........   19%         3    None
 Portal Projectile        Hex/Tloc       ##....       19%         3    None
 Dispersal                Tloc           ##........   100%        6    ######.
 Ring of Flames           Chrm/Fire      ###.......   100%        7    #######
 Controlled Blink         Tloc           N/A          100%        8    #######
 Disjunction              Tloc           ##........   100%        8    #######


Dungeon Overview and Level Annotations

Branches:
Dungeon (11/15)            Temple (1/1) D:6            Lair (6/6) D:10
 Shoals (0/4) Lair:3       Spider (0/4) Lair:3        Slime (0/5) Lair:6
    Orc (2/2) D:10            Elf (0/3) Orc:2

Altars:
Ashenzari
Cheibriados
Dithmenos
Elyvilon
Fedhas
Gozag
Hepliaklqana
Kikubaaqudgha
Makhleb
Nemelex Xobeh
Okawaru
Qazlal
Ru
Sif Muna
Trog
Uskayaw
Vehumet
Wu Jian
Xom
Yredelemnul
Zin
The Shining One
Beogh

Portals:
Trove: D:11 (give +7 demon trident)

Annotations:
Lair:6 3 runed translucent doors, exclusion: 3 doors, alcopop's ghost, journeyman DrAK


Innate Abilities, Weirdness & Mutations

You have a beak for a mouth.
You have claws for feet.
You can fly continuously.
You heal very quickly.


Message History

You assume a fearsome visage.
The ogre mage resists with almost no effort.
The ogre mage barely misses you.
Okay, then.
Okay, then.
Evoke which item? (* to show all) (? for menu, Esc to quit)
Okay, then.
Okay, then.
Casting: Freeze (safe; 1% risk of failure)
Confirm with . or Enter, or press ? or * to list all spells.
Aiming: Freezing Cloud (safe; 3% risk of failure)
Press: ? - help, Dir - move target cursor, f/p - ogre mage
Aim: an ogre mage, wielding a +0 flail and wearing a +0 robe (severely wounded)
Okay, then.
Casting: Freezing Cloud (safe; 3% risk of failure)
Confirm with . or Enter, or press ? or * to list all spells.
You create some ball lightning!
The ogre mage casts a spell at you. The crystal spear hits you!!
You die...

#...##.....##.......[....
#...##.....##.........#.#
#..................)#####
##.............#...##
#..##.....##..##.##
##.##.....##.#####
##......§§.##
######≈≈....§§§####
#≈§≈≈≈##≈.@.≈##≈§≈≈
§≈≈≈§≈§§##§☼O*§##§§≈≈
≈§≈≈###≈≈≈*§§*≈≈§§### ≈≈#
#8###≈§§§§≈≈### #
#.....#≈≈§§§§≈#
#§###..#..##≈§§§≈##
#≈§#..≈#≈..#≈°○§≈# #
#≈§#..≈#§§.#≈.[)≈# .≈#
##≈≈8..≈#§§.#§..).#.)≈#


You could see an ogre mage and 3 friendly ball lightnings.

Vanquished Creatures
  Gastronok (D:8)
  2 orc warlords (D:10)
  The ghost of Iptedar the Orthodox, a journeyman GrFi of Zin (Lair:3)
  4 hydras
  A catoblepas (Lair:6)
  A deep troll shaman (Lair:6)
  2 orc high priests (Orc:2)
  5 death yaks (Lair:6)
  2 orc knights
  6 orc sorcerers
  2 oklob plants (Lair:6)
  A cyclops (D:9)
  4 elephants
  Joseph (D:7)
  Psyche (D:8)
  Maurice (Orc:2)
  11 spiny frogs
  A torpor snail (Lair:6)
  4 komodo dragons
  The ghost of OsakaRedbeard the Gusty, a novice TeAE (D:6)
  3 jumping spiders (Lair:3)
  A polar bear (Lair:6)
  4 trolls
  4 blink frogs
  7 hippogriffs
  Sigmund (D:3)
  A redback (Lair:3)
  6 wyverns
  15 yaks
  Duvessa (D:6)
  A warg (Orc:1)
  11 water moccasins
  21 orc warriors
  9 porcupines
  Purgy (D:3)
  4 sky beasts
  An ice beast (D:5)
  15 wolves
  10 ogres
  8 centaurs
  12 crocodiles
  15 bullfrogs
  Dowan (D:6)
  5 scorpions
  3 killer bees (D:8)
  5 electric eels
  3 howler monkeys
  5 crimson imps
  7 bullfrog skeletons
  A centaur zombie (D:7)
  7 hounds
  3 jellies
  2 centaur skeletons
  Crazy Yiuf (D:3)
  3 iguanas
  6 orc priests
  21 orc wizards
  7 worker ants
  A hound zombie (D:9)
  A hound skeleton (D:5)
  13 gnolls
  12 adders
  2 river rats (D:6)
  3 shadow imps
  An ooze (D:5)
  2 worms (D:6)
  2 dart slugs
  4 leopard geckos
  60 orcs
  5 bats
  7 giant cockroaches
  7 hobgoblins
  3 jackals (D:6)
  2 quokkas
  8 ball pythons
  10 frilled lizards
  10 goblins
  A jackal skeleton (D:5)
  A jackal zombie (D:9)
  6 kobolds
  A quokka skeleton (D:8)
  2 quokka zombies
  15 rats
  5 plants (Lair:6)
467 creatures vanquished.

Vanquished Creatures (collateral kills)
  Harold (Orc:1)
  3 hydras
  A two-headed ogre (D:8)
  A death yak (Lair:6)
  Pikel (D:8)
  An ugly thing (D:11)
  An orc knight (Orc:1)
  An orc sorcerer (Orc:2)
  A cyclops (Orc:1)
  2 black mambas
  5 elephants (Lair:6)
  A spiny frog (Lair:3)
  3 komodo dragons
  A jumping spider (Lair:3)
  A hornet (D:11)
  4 trolls
  A snapping turtle (Lair:3)
  11 blink frogs
  A hippogriff (Lair:6)
  2 redbacks (Lair:3)
  A wyvern (D:8)
  2 wraiths
  15 yaks
  5 wargs
  3 water moccasins
  8 orc warriors
  A porcupine (Lair:4)
  2 ice beasts
  2 slaves (D:8)
  3 black bears
  21 wolves
  An ogre (Orc:2)
  5 centaurs (D:11)
  A phantom (D:8)
  3 crocodiles
  3 bullfrogs
  A gnoll sergeant (Orc:2)
  A killer bee (D:8)
  4 wights (D:9)
  2 crimson imps (D:11)
  A hound (D:9)
  3 orc priests
  6 orc wizards
  A worker ant (D:10)
  A hell rat (Lair:6)
  3 gnolls (Orc:2)
  A shadow imp (D:9)
  22 orcs
  A fungus (Lair:6)
166 creatures vanquished.

Vanquished Creatures (others)
  2 ball lightnings (D:10)
  A slave (D:8)
  A human (D:7)
  A killer bee (D:8)
  17 fungi
  19 plants
41 creatures vanquished.

Grand Total: 674 creatures vanquished

Notes
Turn   | Place    | Note
-------+----------+-------------------------------------------
     0 | D:1      | Espgualade the Tengu Ice Elementalist began the quest for
                  | the Orb.
     0 | D:1      | Reached XP level 1. HP: 10/10 MP: 4/4
   223 | D:1      | Reached XP level 2. HP: 15/15 MP: 6/6
   322 | D:1      | Upgraded the game from 0.24-a0-312-g16217b4 to
                  | 0.24-a0-475-g5b41c6f
   788 | D:1      | Reached XP level 3. HP: 18/19 MP: 7/7
   865 | D:1      | Learned a level 2 spell: Throw Frost
   869 | D:1      | Learned a level 3 spell: Ozocubu's Armour
  1255 | D:2      | Found a blossoming altar of Fedhas.
  1695 | D:2      | Reached XP level 4. HP: 19/24 MP: 4/8
  2023 | D:2      | Reached skill level 5 in Ice Magic
  2023 | D:2      | Gained mutation: You can fly continuously. [Tengu growth]
  2023 | D:2      | Reached XP level 5. HP: 11/28 MP: 5/9
  2548 | D:3      | Noticed Sigmund
  2910 | D:3      | Found a basalt altar of Yredelemnul.
  2955 | D:3      | Found a shadowy altar of Dithmenos.
  2964 | D:3      | Noticed Purgy
  3523 | D:3      | Found a faded altar of an unknown god.
  3662 | D:4      | Reached XP level 6. HP: 32/32 MP: 2/10
  4300 | D:4      | Reached skill level 5 in Dodging
  4727 | D:5      | Entered Level 5 of the Dungeon
  4727 | D:5      | Noticed an ice beast
  4783 | D:5      | Reached XP level 7. HP: 25/36 MP: 6/11
  5811 | D:5      | Reached skill level 5 in Spellcasting
  5811 | D:5      | Reached XP level 8. HP: 36/41 MP: 11/16
  6118 | D:5      | Found a sparkling altar of Nemelex Xobeh.
  6305 | D:5      | Reached skill level 5 in Conjurations
  6931 | D:6      | Found a staircase to the Ecumenical Temple.
  6980 | D:6      | Learned a level 4 spell: Throw Icicle
  6985 | D:6      | Learned a level 4 spell: Summon Ice Beast
  7036 | D:6      | Reached skill level 1 in Summonings
  7163 | D:6      | Found a glowing drain.
  7171 | Sewer    | Entered a sewer
  7516 | D:6      | Noticed Duvessa
  7516 | D:6      | Noticed Dowan
  7541 | D:6      | Killed Duvessa
  7550 | D:6      | Killed Dowan
  7717 | D:6      | Reached XP level 9. HP: 45/45 MP: 8/17
  7809 | D:6      | Found a runed translucent door.
  7810 | D:6      | Noticed OsakaRedbeard's ghost (novice TeAE)
  7825 | D:6      | Found a glowing golden altar of the Shining One.
  7856 | Temple   | Entered the Ecumenical Temple
  8027 | Temple   | Became a worshipper of Vehumet
  8145 | D:6      | Reached skill level 5 in Summonings
  8493 | D:6      | Found a runed translucent door.
  8635 | D:7      | Found an ancient bone altar of Kikubaaqudgha.
  8637 | D:7      | Noticed Joseph
  9310 | D:3      | Killed Sigmund
  9468 | D:3      | Found a runed translucent door.
  9469 | D:3      | Noticed Crazy Yiuf
  9513 | D:3      | Killed Crazy Yiuf
  9752 | D:3      | Killed Purgy
  9950 | D:6      | Killed OsakaRedbeard's ghost
 10259 | D:8      | Noticed Psyche
 10407 | D:7      | Found an opulent altar of Gozag.
 11034 | D:7      | Reached * piety under Vehumet
 11034 | D:7      | Offered knowledge of Magic Dart by Vehumet.
 11062 | D:8      | Noticed a two-headed ogre
 11423 | D:8      | Reached XP level 10. HP: 47/50 MP: 11/20
 11942 | D:8      | Noticed Gastronok
 11992 | D:8      | Noticed Pikel
 12090 | D:8      | Gained mutation: Your natural rate of healing is unusually
                  | fast. [potion of mutation]
 12090 | D:8      | Gained mutation: You heal very quickly. [potion of
                  | mutation]
 12105 | D:9      | Noticed a +0 hand axe
 12365 | D:9      | Found a hide-covered altar of Uskayaw.
 12367 | D:9      | Noticed a +0 dagger
 12428 | D:9      | Noticed a cyclops
 13277 | D:9      | Offered knowledge of Throw Flame by Vehumet.
 13323 | D:9      | Reached ** piety under Vehumet
 13618 | D:10     | Entered Level 10 of the Dungeon
 13745 | D:10     | Found a snail-covered altar of Cheibriados.
 14071 | D:10     | Found a sparkling altar of Nemelex Xobeh.
 14124 | D:10     | Found a staircase to the Lair.
 14370 | D:10     | Found a staircase to the Orcish Mines.
 14833 | D:10     | Reached skill level 10 in Summonings
 14958 | D:11     | Found a portal to a secret trove of treasure.
 14959 | D:11     | Noticed a six-headed hydra
 14975 | D:11     | Killed a six-headed hydra
 15211 | D:11     | Reached XP level 11. HP: 51/54 MP: 14/22
 15353 | D:11     | Offered knowledge of Searing Ray by Vehumet.
 15462 | D:11     | Reached skill level 10 in Conjurations
 15483 | D:11     | Noticed a brown ugly thing
 15497 | D:11     | Killed a brown ugly thing
 15695 | D:11     | Reached *** piety under Vehumet
 16057 | D:8      | Killed Psyche
 16067 | D:8      | Killed Pikel
 16258 | D:8      | Killed a two-headed ogre
 16944 | Lair:1   | Entered Level 1 of the Lair of Beasts
 17299 | Lair:1   | Got an ichor-stained mace
 17300 | Lair:1   | Identified the +6 mace of Defiance {antimagic, rElec Int+4}
                  | (You found it on level 1 of the Lair of Beasts)
 17967 | Lair:1   | Offered knowledge of Mephitic Cloud by Vehumet.
 18016 | Lair:1   | Reached skill level 5 in Stealth
 18302 | Lair:1   | Learned a level 3 spell: Mephitic Cloud
 18309 | Lair:1   | Learned a level 6 spell: Freezing Cloud
 18403 | Lair:1   | Got a slimy hand axe
 18404 | Lair:1   | Identified the +11 hand axe of Fungal {drain, rElec rC+
                  | MR-} (You found it on level 1 of the Lair of Beasts)
 18439 | Lair:1   | Reached skill level 1 in Air Magic
 18871 | Lair:2   | Reached skill level 5 in Air Magic
 19650 | Lair:3   | Reached **** piety under Vehumet
 19895 | Lair:3   | Offered knowledge of Force Lance by Vehumet.
 19975 | Lair:3   | Reached XP level 12. HP: 59/59 MP: 9/23
 21122 | Lair:3   | Reached skill level 10 in Air Magic
 21861 | Lair:3   | Found a hole to the Spider Nest.
 22010 | Lair:3   | Found a runed translucent gate.
 22010 | Lair:3   | Found a runed translucent gate.
 22010 | Lair:3   | Found a runed translucent gate.
 22012 | Lair:3   | Noticed a ten-headed hydra
 22012 | Lair:3   | Noticed Iptedar's ghost (journeyman GrFi)
 22012 | Lair:3   | Noticed a ten-headed hydra
 22066 | Lair:3   | Found a staircase to the Shoals.
 22636 | Lair:4   | Noticed a death yak
 22636 | Lair:4   | Noticed a death yak
 22636 | Lair:4   | Noticed a death yak
 22636 | Lair:4   | Noticed a death yak
 22636 | Lair:4   | Noticed a death yak
 22637 | Lair:4   | Noticed a seven-headed hydra
 23930 | Lair:4   | Killed a seven-headed hydra
 24382 | Lair:4   | Found a shattered altar of Ashenzari.
 24485 | Lair:4   | Reached ***** piety under Vehumet
 25160 | Lair:5   | Noticed a six-headed hydra
 25168 | Lair:5   | Killed a six-headed hydra
 25692 | Lair:5   | Offered knowledge of Conjure Ball Lightning by Vehumet.
 25696 | Lair:5   | Reached XP level 13. HP: 63/63 MP: 13/26
 27021 | Lair:6   | Entered Level 6 of the Lair of Beasts
 27544 | Lair:6   | Reached skill level 10 in Spellcasting
 28325 | Lair:6   | Found a runed translucent gate.
 28325 | Lair:6   | Found a runed translucent gate.
 28325 | Lair:6   | Found a runed translucent gate.
 28328 | Lair:6   | Noticed alcopop's ghost (journeyman DrAK)
 29761 | Lair:6   | Found a staircase to the Slime Pits.
 30629 | Lair:6   | Got a polished quarterstaff
 30631 | Lair:6   | Identified the +3 quarterstaff of Outrage {crush, +Inv
                  | rElec rN+ Str-4} (You found it on level 6 of the Lair of
                  | Beasts)
 30723 | Lair:6   | Learned a level 6 spell: Conjure Ball Lightning
 31045 | Lair:3   | Killed Iptedar's ghost
 31045 | Lair:3   | Reached XP level 14. HP: 39/68 MP: 6/30
 31395 | D:8      | Killed Gastronok
 31617 | D:7      | Killed Joseph
 31939 | D:9      | Reached skill level 10 in Dodging
 31979 | Orc:1    | Entered Level 1 of the Orcish Mines
 32467 | Orc:1    | Noticed Harold
 32878 | Orc:1    | Offered knowledge of Bolt of Fire by Vehumet.
 33009 | Orc:1    | Noticed an orc warlord
 33293 | D:10     | Killed an orc warlord
 33429 | D:10     | Learned a level 6 spell: Bolt of Fire
 33663 | Orc:1    | Reached skill level 1 in Fire Magic
 33695 | Orc:1    | Noticed an orc warlord
 34008 | D:10     | Killed an orc warlord
 34240 | Orc:1    | Killed Harold
 34693 | Orc:2    | Entered Level 2 of the Orcish Mines
 34693 | Orc:2    | Found a staircase to the Elven Halls.
 34870 | Orc:2    | Found a roughly hewn altar of Beogh.
 35312 | Orc:2    | Noticed Maurice
 35555 | Orc:2    | Reached skill level 5 in Fire Magic
 35760 | Orc:2    | Found a runed translucent door.
 36155 | Orc:2    | Found a roughly hewn altar of Beogh.
 36268 | Orc:2    | Killed Maurice
 36999 | Orc:2    | Killed from afar by an ogre mage

Levels and vault maps discovered:
D:1:      minmay_arrival_checkered_box, layout_basic
D:2:      layout_basic, fedhas_altar_1, first_ration
D:3:      layout_loops_ring, overflow_temple_1_default,
          chequers_ecumenical_altar_twisty,
          nicolae_dithmenos_through_a_glass_darkly, uniq_purgy,
          uniq_crazy_yiuf_cottage, uniq_sigmund
D:4:      layout_loops_ring
D:5:      layout_basic, nicolae_overflow_crystal_walls
D:6:      layout_basic, minmay_temple_entry_ruins, ebering_ghost_sewer_f,
          portal_sewer_entry_e, tso_altar, uniq_duvessa
D:7:      nicolae_whirlpool, layout_basic, lemuel_coloured_pillars_altar,
          grunt_ogre_cave, tgw_kikubaaqudgha, uniq_joseph
D:8:      layout_gridville, uniq_psyche, uniq_gastronok, uniq_pikel
D:9:      layout_small_grid, dancing_weapons_uskayaw
D:10:     layout_roguey, lair_entry_dummy, orc_david_3, basic_altar,
          nemelex_altar_shiori
D:11:     layout_small_grid, nicolae_trove_entry_crossroad
Temple:   eino_temple_scatter_basement
Lair:1:   layout_loops_ring
Lair:2:   layout_chaotic_city, grunt_megastairs_1
Lair:3:   layout_roguey, minmay_shoals_entry_hut,
          nicolae_spider_entry_tight_spaces, gammafunk_ghost_hydra_chop,
          grunt_forest_large_clearings, infiniplex_staircase_pool
Lair:4:   layout_small_grid, basic_altar, beast_lair_carwin_5,
          serial_bayou_shore_b
Lair:5:   layout_small_grid, lemuel_fruit_tree
Lair:6:   grunt_lair_end_beastmaster, layout_cave_pods,
          minmay_slime_entry_oklob_open, gammafunk_ghost_hydra_chop,
          st_stairs_5, serial_bayou_lake_a
Orc:1:    layout_caves, minmay_orc_treasury, uniq_harold
Orc:2:    kennysheep_orc_mage_school, layout_diamond_mine, basic_altar,
          lightli_church_of_beogh, uniq_maurice

Skill      XL: |  1  2  3  4  5  6  7  8  9 10 11 12 13 14 |
---------------+-------------------------------------------+-----
Ice Magic      | 3 4 5 6 9 |  9.3
Dodging        | 4 6 8 12 | 12.1
Spellcasting   | 5 6 7 8 11 | 11.0
Conjurations   | 7 9 11 12 | 12.0
Summonings     | 4 6 10 | 10.1
Shields        | 4 |  4.5
Stealth        | 5 7 |  7.0
Air Magic      | 7 11 | 11.6
Fire Magic     | 6 |  6.8

Action                   |  1- 3 |  4- 6 |  7- 9 | 10-12 | 13-15 || total
-------------------------+-------+-------+-------+-------+-------++-------
Melee: Dagger            |    75 |       |       |       |       ||    75
       Kick              |    25 |     7 |    44 |    30 |    17 ||   123
       Peck              |    16 |     4 |    27 |    29 |    10 ||    86
       Mace              |    74 |    41 |   173 |    87 |    39 ||   414
       Hand axe          |       |       |       |    39 |       ||    39
 Cast: Freeze            |     4 |    72 |   142 |   235 |   135 ||   588
       Throw Frost       |       |    12 |    47 |    31 |    99 ||   189
       Ozocubu's Armour  |       |       |    11 |     2 |     2 ||    15
       Throw Icicle      |       |       |    17 |   171 |   151 ||   339
       Summon Ice Beast  |       |       |     3 |   119 |   121 ||   243
       Freezing Cloud    |       |       |       |       |    33 ||    33
       Mephitic Cloud    |       |       |       |       |     5 ||     5
       Conjure Ball Ligh |       |       |       |       |     2 ||     2
 Abil: Fly               |       |     1 |       |       |       ||     1
Evoke: Wand              |       |       |       |     1 |    17 ||    18
  Use: Scroll            |     2 |     7 |    10 |     9 |     5 ||    33
       Potion            |       |     1 |     9 |    10 |     3 ||    23
 Stab: Sleeping          |       |     6 |     2 |     2 |       ||    10
       Invisible         |       |     1 |       |       |       ||     1
       Distracted        |       |       |       |     1 |       ||     1
  Eat: Chunk             |     3 |     8 |    13 |    31 |    20 ||    75
       Ration            |       |     1 |     3 |    13 |     9 ||    26
Armor: Crystal plate arm |   164 |       |       |       |       ||   164
       Robe              |       |     4 |    65 |    29 |    10 ||   108
Dodge: Dodged            |     8 |    82 |   311 |   394 |   229 ||  1024
Block: Buckler           |       |       |    13 |   112 |    62 ||   187

Table legend:
 A = Non-vault XP
 B = Vault XP
 C = Vault XP percentage of total XP
 D = Non-vault monster count
 E = Vault monster count
 F = Vault count percentage of total count
                 A         B        C        D         E       F
            +---------+---------+-------+---------+---------+-------
      Total |   40331 |   35253 |  46.6 |     440 |     185 |  29.6
            +---------+---------+-------+---------+---------+-------
        D:1 |      34 |       0 |   0.0 |      20 |       0 |   0.0
        D:2 |     163 |       0 |   0.0 |      27 |       0 |   0.0
        D:3 |      66 |     399 |  85.8 |      17 |       3 |  15.0
        D:4 |     357 |       0 |   0.0 |      16 |       0 |   0.0
        D:5 |    1097 |       0 |   0.0 |      31 |       0 |   0.0
        D:6 |     432 |     621 |  59.0 |      15 |      15 |  50.0
        D:7 |     647 |     952 |  59.5 |      17 |       5 |  22.7
        D:8 |    2080 |    2747 |  56.9 |      28 |       3 |   9.7
        D:9 |    1932 |       0 |   0.0 |      34 |       0 |   0.0
       D:10 |    1705 |    3426 |  66.8 |      30 |      11 |  26.8
       D:11 |    2121 |       0 |   0.0 |      17 |       0 |   0.0
     Lair:1 |    2383 |       0 |   0.0 |      17 |       0 |   0.0
     Lair:2 |    1838 |     229 |  11.1 |       8 |       2 |  20.0
     Lair:3 |    3612 |    6534 |  64.4 |      21 |      34 |  61.8
     Lair:4 |    4015 |    1702 |  29.8 |      22 |       6 |  21.4
     Lair:5 |    5312 |       0 |   0.0 |      30 |       0 |   0.0
     Lair:6 |    7573 |    9767 |  56.3 |      37 |      24 |  39.3
      Orc:1 |     851 |    4652 |  84.5 |      17 |      44 |  72.1
      Orc:2 |    4113 |    4098 |  49.9 |      36 |      31 |  46.3
      Sewer |       0 |     126 | 100.0 |       0 |       7 | 100.0
            +---------+---------+-------+---------+---------+-------
